 Dungeon Crawl Stone Soup version 0.31.0-9-g3a7656b989 (webtiles) character file.

Game seed: 5593453607938178015

143 qw the Skirmisher (level 5, -13/29 HPs)
             Began as a Deep Elf Hunter on Feb 2, 2024.
             Succumbed to their own poison gas
             ... on level 3 of the Dungeon.
             The game lasted 00:00:09 (2481 turns).

qw the Skirmisher (Deep Elf Hunter)                 Turns: 2481, Time: 00:00:09

Health: -13/29     AC:  4    Str: 10    XL:     5   Next: 4%
Magic:  7/7        EV: 12    Int: 14    God:
Gold:   138        SH:  0    Dex: 18    Spells: 4/4 levels left

rFire   . . .        a - +0 shortbow
rCold   . . .        (shield currently unavailable)
rNeg    . . .        c - +0 leather armour
rPois   .            h - +1 hat
rElec   .            (no cloak)
rCorr   .            (no gloves)
SInv    .            (no boots)
Will    .....        (no amulet)
Stlth   ++           (no ring)
HPRegen 0.24/turn    (no ring)
MPRegen 0.10/turn

%: no passive effects
@: lethally poisoned (-13 -> -68), on berserk cooldown, slowed, very slow
A: no striking features
a: no special abilities


You were on level 3 of the Dungeon.
You visited 1 branch of the dungeon, and saw 3 of its levels.

You collected 138 gold pieces.


   Skills:
 - Level 1.5 Fighting
 + Level 8.4 Ranged Weapons
 - Level 2.4 Dodging
 - Level 1.2 Stealth


You had 4 spell levels left.
You didn't know any spells.
Your spell library was empty.

Inventory:

Hand Weapons
 a - a +0 shortbow (weapon)
Armour
 c - a +0 leather armour (worn)
 h - a +1 hat (worn)
Scrolls
 l - a scroll of teleportation
Potions
 d - 2 potions of curing
 e - a potion of berserk rage
 f - a potion of mutation
 g - a potion of ambrosia {unknown}
 i - a potion of degeneration {unknown}
 j - a potion of heal wounds {unknown}
 k - a potion of invisibility {unknown}

Dungeon Overview and Level Annotations

Branches:
Dungeon (3/15)

Altars:

Shops:
D:2 :(


Message History

A wave of despondency washes over your surroundings.
It was a scroll of vulnerability.
You start waiting.
You feel your willpower return.
Done waiting.
Done exploring.
2475 ||| READING scroll labelled PAF GIZYJEAJEF.
The air fills with toxic fumes!
As you read the scroll labelled PAF GIZYJEAJEF, it crumbles to dust.
It was a scroll of poison.
Done exploring.
2476 ||| DRINKING 2 smoky green potions.
It was a potion of berserk rage.
A red film seems to cover your vision as you go berserk!
You feel yourself moving faster!
You feel mighty!
2477 ||| FLEEEEING.
You feel a strong urge to attack something.
You are engulfed in poison gas.
You are poisoned.
You feel very sick.
2478 ||| FLEEEEING.
You are engulfed in poison gas.
You are more poisoned.
You feel very sick.
You see here an adder corpse.
2479 ||| FLEEEEING.
You feel your anger nearly subside.
You are engulfed in poison gas.
You are lethally poisoned!
You feel very sick.
2480 ||| FLEEEEING.
You are engulfed in poison gas.
You are more poisoned.
You are no longer berserk.
You are exhausted.
You feel yourself slow down.
You feel very sick.
2481 ||| FLEEEEING.
You are engulfed in poison gas.
You are more poisoned.
Ouch! That really hurt!
You die...

####.##...#....##¤#####
###..
#.....####.###.##¤# #..
#.....####.# #.##¤# ###
#..........###.##~#
#.....#######...#0#
#.....#######.#.¤¤#
###............¤¤¤#
#.############¤¤# #.#
#@¤# #.# #0¤# #.#
#¤¤########## #.###
#...........## #...#
########.#...#####
###.# #...#...... #.#
###...##### #.# ##.##
#.# #.#


There were no monsters in sight!

Vanquished Creatures
  4 gnolls (D:3)
  5 adders
  A dart slug (D:2)
  A ribbon worm (D:3)
  3 orcs (D:3)
  4 ball pythons
  5 endoplasms
  6 giant cockroaches
  4 goblins
  4 hobgoblins
  3 kobolds
  3 quokkas (D:2)
  7 bats
  3 frilled lizards
  A rat (D:2)
54 creatures vanquished.

Notes
Turn   | Place    | Note
-------+----------+-------------------------------------------
     0 | D:1      | qw the Deep Elf Hunter began the quest for the Orb.
     0 | D:1      | Reached XP level 1. HP: 12/12 MP: 3/3
     0 | D:1      | 0 ||| qw: Version: 0.3-a-155-g5e7d8dd
     0 | D:1      | 0 ||| qw: Game counter: 955
     0 | D:1      | 0 ||| qw: Melee chars always use a shield: true
     0 | D:1      | 0 ||| qw: God list: Okawaru
     0 | D:1      | 0 ||| qw: Allow faded altars: false
     0 | D:1      | 0 ||| qw: Do Orc after clearing Dungeon:15 true
     0 | D:1      | 0 ||| qw: Do second Lair branch before Depths: true
     0 | D:1      | 0 ||| qw: Lair rune preference: random
     0 | D:1      | 0 ||| qw: Goals: Normal
     0 | D:1      | 0 ||| PLANNING D:1-11
   163 | D:1      | Reached XP level 2. HP: 16/16 MP: 4/4
   172 | D:1      | Reached skill level 6 in Ranged Weapons
   556 | D:1      | 556 ||| READING scroll labelled IZORGHE HENESHRE.
   557 | D:1      | 557 ||| READING scroll labelled QYATUS JOUNKIEWE.
   557 | D:1      | 557 ||| IDENTIFYING smoky grey potion
   558 | D:1      | 558 ||| DRINKING 2 orange potions.
   559 | D:1      | 559 ||| DROPPING scroll of butterflies.
   560 | D:1      | 560 ||| DROPPING potion of lignification.
   659 | D:2      | Reached XP level 3. HP: 10/20 MP: 5/5
   754 | D:2      | Found Jyffe's Book Emporium.
   833 | D:2      | Reached skill level 7 in Ranged Weapons
   833 | D:2      | 833 ||| FLEEEEING.
   834 | D:2      | 834 ||| FLEEEEING.
   835 | D:2      | 835 ||| FLEEEEING.
   836 | D:2      | 836 ||| FLEEEEING.
   837 | D:2      | 837 ||| FLEEEEING.
   838 | D:2      | 838 ||| FLEEEEING.
   839 | D:2      | 839 ||| FLEEEEING.
   840 | D:2      | 840 ||| FLEEEEING.
   841 | D:2      | 841 ||| FLEEEEING.
   842 | D:2      | 842 ||| FLEEEEING.
   843 | D:2      | 843 ||| FLEEEEING.
   844 | D:2      | 844 ||| FLEEEEING.
   845 | D:2      | 845 ||| FLEEEEING.
   846 | D:2      | 846 ||| FLEEEEING.
   847 | D:2      | 847 ||| FLEEEEING.
   848 | D:2      | 848 ||| FLEEEEING.
   849 | D:2      | 849 ||| FLEEEEING.
   850 | D:2      | 850 ||| FLEEEEING.
   851 | D:2      | 851 ||| FLEEEEING.
   852 | D:2      | 852 ||| FLEEEEING.
   853 | D:2      | 853 ||| FLEEEEING.
   854 | D:2      | 854 ||| FLEEEEING.
   855 | D:2      | 855 ||| FLEEEEING.
   856 | D:2      | 856 ||| FLEEEEING.
   857 | D:2      | 857 ||| FLEEEEING.
   858 | D:2      | 858 ||| FLEEEEING.
   859 | D:2      | 859 ||| FLEEEEING.
  1071 | D:2      | Found Yximn's Antique Weapon Boutique.
  1231 | D:2      | Found a faded altar of an unknown god.
  1481 | D:2      | 1481 ||| UPGRADING to +1 hat.
  1486 | D:2      | 1486 ||| READING scroll of identify.
  1486 | D:2      | 1486 ||| IDENTIFYING fuming white potion
  1487 | D:2      | 1487 ||| READING scroll labelled MIJAUCV ADGHOCS.
  1488 | D:2      | 1488 ||| READING scroll labelled JUITUZ YRIOLY.
  1525 | D:3      | 1525 ||| PLANNING SEWER
  1564 | D:3      | Reached XP level 4. HP: 25/25 MP: 6/6
  1572 | D:3      | 1572 ||| FLEEEEING.
  1573 | D:3      | 1573 ||| FLEEEEING.
  1575 | D:3      | 1575 ||| FLEEEEING.
  1578 | D:3      | 1578 ||| FLEEEEING.
  1579 | D:3      | 1579 ||| FLEEEEING.
  1580 | D:3      | 1580 ||| FLEEEEING.
  1581 | D:3      | 1581 ||| FLEEEEING.
  1582 | D:3      | 1582 ||| FLEEEEING.
  1632 | D:3      | HP: 5/25 [gnoll/+0 spear (6)]
  1638 | D:3      | HP: 3/25 [gnoll/+0 club (3)]
  1796 | D:3      | Reached skill level 8 in Ranged Weapons
  2122 | D:3      | 2122 ||| RIP SEWER
  2247 | D:3      | 2247 ||| PLANNING D:1-11
  2342 | D:3      | Reached XP level 5. HP: 29/29 MP: 7/7
  2374 | D:3      | 2374 ||| READING scroll labelled OXKAIRPHELE.
  2475 | D:3      | 2475 ||| READING scroll labelled PAF GIZYJEAJEF.
  2476 | D:3      | 2476 ||| DRINKING 2 smoky green potions.
  2477 | D:3      | 2477 ||| FLEEEEING.
  2478 | D:3      | 2478 ||| FLEEEEING.
  2479 | D:3      | 2479 ||| FLEEEEING.
  2480 | D:3      | 2480 ||| FLEEEEING.
  2480 | D:3      | HP: 7/29 [poisoned by you (poison gas)]
  2481 | D:3      | 2481 ||| FLEEEEING.
  2481 | D:3      | Succumbed to their own poison gas

Levels and vault maps discovered:
D:1:      saegor_arrival_simple_c, layout_basic, serial_bayou_ford_a
D:2:      layout_loops_ring, serial_co_window_serial, co_window_paths_a,
          co_window_of_opportunity_a, co_window_corner_a,
          co_window_of_opportunity_a, co_window_paths_a, co_window_paths_c,
          co_window_of_opportunity_c, co_window_of_opportunity_c,
          co_window_corner_b, co_window_2corner, serial_shops,
          nicolae_square_shop, nicolae_shop_rolling_square,
          shapermc_ecumenical_altar_starsandcircs
D:3:      layout_loops_ring, portal_sewer_entry_d

Skill      XL: |  1  2  3  4 |
---------------+-------------+-----
Ranged Weapons | 6 7 8 |  8.4
Fighting       | |  1.5
Dodging        | |  2.4
Stealth        | |  1.2

Action                     |  1- 3 |  4- 6 || total
---------------------------+-------+-------++-------
   Fire: Shortbow          |   104 |    78 ||   182
    Use: Scroll            |     5 |     2 ||     7
         Potion            |     1 |     1 ||     2
 Armour: Leather armour    |    15 |    23 ||    38
  Dodge: Dodged            |    21 |    28 ||    49

Table legend:
 A = Non-vault XP
 B = Vault XP
 C = Vault XP percentage of total XP
 D = Non-vault monster count
 E = Vault monster count
 F = Vault count percentage of total count
                 A         B        C        D         E       F
            +---------+---------+-------+---------+---------+-------
      Total |     192 |      13 |   6.3 |      53 |       1 |   1.9
            +---------+---------+-------+---------+---------+-------
        D:1 |      25 |       0 |   0.0 |      14 |       0 |   0.0
        D:2 |      55 |       0 |   0.0 |      18 |       0 |   0.0
        D:3 |     112 |      13 |  10.4 |      21 |       1 |   4.5
            +---------+---------+-------+---------+---------+-------
